[Event "Rosh Hashanah Rapid 2022"]
[Site "Ramat Gan"]
[Date "2022.09.25"]
[Round "6.9"]
[White "Noy, Eyal"]
[Black "Kaganskiy, Gleb"]
[Result "1-0"]
[ECO "B10"]
[WhiteElo "2067"]
[BlackElo "2225"]
[Annotator "TA"]
[PlyCount "138"]
[EventDate "2022.09.25"]
[EventType "rapid"]
[EventCountry "ISR"]
[SourceTitle "playchess.com"]
[Source "ChessBase"]
[SourceQuality "1"]
[TimeControl "900+5"]

1. Nf3 d5 2. g3 Nd7 3. Bg2 e5 4. d3 c6 5. O-O Ngf6 6. e4 Bd6 7. Nbd2 O-O 8. c3 {[%emt 0:00:08] 8.b3 is the modern continuation.} Re8 9. Qc2 Bf8 {[%emt 0:00:14] [#]} 10. d4 $146 {[%emt 0:00:53] B10: Caro-Kann: 2 d3 and 2 c4.} ({Predecessor:} 10. Rd1 a5 11. h3 Qc7 12. d4 exd4 13. Nxd4 dxe4 14. Nxe4 Nxe4 15. Bxe4 g6 16. Bf4 Qb6 17. Bg2 Nc5 {½-½ (67) Dorfman,J (2505)-Geller,E (2615) Yerevan 1981}) 10... dxe4 (10... exd4 {is interesting.} 11. Nxd4 c5 12. Nf5 Nb6) 11. Nxe5 Nxe5 12. dxe5 {[%emt 0:00:01] The position is equal.} Rxe5 13. Nxe4 Bf5 14. Nxf6+ Qxf6 15. Qd1 (15. Qb3 $11) 15... Rd8 16. Qf3 Qe6 $36 {[%emt 0:00:13][%mdl 2048] White is under strong pressure.} 17. Bf4 (17. Be3 $142) 17... Bg4 $17 18. Qxg4 Qxg4 19. Bxe5 Qe2 20. Bd4 c5 21. Be3 b6 22. b3 (22. Rab1 $142) 22... g6 23. Bg5 Rd3 24. Rfe1 Qg4 25. Bf6 Rd6 (25... Rd2 $142 {...Qf5 is the strong threat.} 26. Be5 g5) 26. Be5 Rd7 27. c4 Bg7 28. Bd5 Bxe5 29. Rxe5 Kg7 30. Rae1 Kf6 31. Kg2 Qd4 32. R5e4 Qd2 33. R1e2 Qd1 34. Re1 Qd2 35. R1e2 Rxd5 36. cxd5 Qxd5 $11 {[%emt 0:00:02][%mdl 4096] Endgame KQ-KRR} 37. h4 h5 38. f3 b5 39. Rf4+ Kg7 40. Re7 a5 41. Rfe4 c4 (41... a4 $5 42. R7e5 Qd6 $15) 42. bxc4 bxc4 43. Rf4 $2 (43. Re2 $11) 43... c3 $19 44. Rc7 Qxa2+ 45. Kh3 c2 $2 (45... a4 $19 {and Black stays clearly on top. Strongly threatening ...a3.} 46. g4 c2) 46. Rfc4 $17 Qb3 (46... Qb1 $17 47. Rxc2 Qh1+ 48. Rh2 Qxf3) 47. Kg2 $11 Qe3 48. Rxc2 g5 49. hxg5 Qxg5 50. R7c5 Qg6 51. R2c4 Qf6 52. Rxh5 Qb2+ $1 53. Kh3 Qf2 {[%emt 0:00:05] Hoping for ...Qf1+.} 54. Rg4+ Kf8 55. Rf4 Qf1+ (55... a4 $2 56. Ra5 $18) 56. Kg4 Qe1 57. Rxa5 $2 Qe6+ $4 {[%emt 0:00:04][%mdl 8192] [#]} (57... Qxa5 $19 {avoids the disaster.} 58. Rf5 Qe1) 58. Raf5 $1 $18 {[%emt 0:00:01] Black must now prevent Kh3.} Qg6+ $2 {[%emt 0:00:02] [#]} (58... Kg8 59. Kh3 Kg7) 59. Kh3 $1 Qh6+ 60. Kg2 Qb6 61. Rxf7+ {[%emt 0:00:20] White mates.} Kg8 62. Rf8+ Kg7 63. R4f7+ Kg6 64. Rf6+ Qxf6 65. Rxf6+ Kxf6 66. g4 Kg5 67. Kg3 Kg6 68. f4 Kf6 69. g5+ Kg6 {[%emt 0:00:00] Weighted Error Value: White=0.30/Black=0.44} 1-0

[Event "Rosh Hashanah Rapid 2022"]
[Site "Ramat Gan"]
[Date "2022.09.25"]
[Round "6.10"]
[White "Ehrlich, Roy"]
[Black "Orian, Noga"]
[Result "1-0"]
[ECO "B50"]
[WhiteElo "2202"]
[BlackElo "1908"]
[Annotator "TA"]
[PlyCount "63"]
[EventDate "2022.09.25"]
[EventType "rapid"]
[EventCountry "ISR"]
[SourceTitle "playchess.com"]
[Source "ChessBase"]
[SourceQuality "1"]
[TimeControl "900+5"]

1. e4 c5 2. Nf3 d6 3. c3 Nf6 4. h3 Nc6 5. Bd3 d5 6. e5 Nd7 7. Bb5 {[%emt 0:00:01] B50: Sicilian: 2...d6, Miscellaneous.} e6 8. d4 Be7 9. O-O {[%emt 0:00:03] The position is equal.} O-O 10. Re1 {[%emt 0:00:18] [#]} Qc7 $146 ({Predecessor:} 10... Qb6 11. Bd3 cxd4 12. cxd4 f6 13. exf6 Nxf6 14. Nc3 Bd7 15. Na4 Qc7 16. Bg5 h6 {1-0 (60) Odeev,H (2397)-Demianjuk,A (2297) Moscow 2017}) 11. a3 h6 12. Nbd2 a6 (12... cxd4 $11 13. cxd4 Qb6) 13. Bd3 $14 b5 14. Nf1 b4 (14... f5 $14) 15. Ng3 {[%emt 0:00:06] White is more active.} (15. axb4 $142 cxb4 16. Bc2) 15... bxc3 16. bxc3 {[%emt 0:00:01][%cal Oc1h6] aiming for Bxh6!} Qa5 $2 {[%emt 0:01:11] [#]} (16... f6 $14) 17. Bd2 (17. Bxh6 $1 $18 {[%mdl 512] is the precise move to win.} Qxc3 (17... f5 18. Qc1) 18. Ne2) 17... Qb6 $2 (17... Qd8 $16) 18. Be3 (18. Rb1 Qa5 $16) (18. Bxh6 $142 Qb2 19. Bc2 $1 Qxc3 20. Ne2) 18... Qb2 {[%emt 0:01:27] [#]} (18... f5 $142) 19. Bd2 $2 ({Better is} 19. Bxh6 $1 $18 Qxc3 (19... Rd8 20. Bg5) 20. Ne2) 19... cxd4 (19... Qb6 $1 $11) 20. cxd4 (20. Bc2 $16) 20... Kh8 $2 (20... Nxd4 $11 {and Black is okay.} 21. Nxd4 Qxd4 22. Bxh6 Kh8) 21. Qa4 Qb6 22. Rab1 Qc7 23. Rec1 Bb7 24. Nh2 $36 {[%emt 0:01:02][%mdl 2048] White is on the roll.} ({Don't take} 24. Rxb7 Qxb7 25. Qxc6 (25. Rxc6 Nb6 $16) 25... Qxc6 26. Rxc6 Bxa3) 24... Rfc8 (24... a5 $142 25. Rxb7 Qxb7) 25. Qd1 $18 f5 (25... a5 {keeps fighting.}) 26. Qh5 {[%emt 0:01:12][%cal Od2h6] Strongly threatening Bxh6!} Nf8 27. Ne2 {[%emt 0:00:46][%cal Od2h6] Bxh6! is the strong threat.} Bxa3 {[%emt 0:01:51] [#]} (27... Qd7 {might work better.} 28. Rc3 (28. Qf7 Nd8 $11) 28... Na7) 28. Rc3 $1 Qe7 {[%emt 0:00:01] [#]} (28... Be7 29. Bxh6 g6) 29. Rxa3 $1 {[%emt 0:01:47][%mdl 512] White is clearly winning.} Qxa3 (29... Rc7 30. Rc3) 30. Rxb7 {[%emt 0:00:02][%cal Od2h6] Threatens to win with Bxh6!} Ra7 {[%emt 0:00:46] [#]} 31. Bxh6 $1 Rxb7 (31... Qa1+ 32. Bc1+) 32. Bc1+ {[%mdl 64] Discovered Attack.  Weighted Error Value: White=0.46/Black=0.83} 1-0